AoeStats
← szeb

MegaRandom

508939187Analyzed
2v2 RM · 9d ago on Sep 24, 2026· 56m 22s· 4 players
Game mode
Random Map
Map size
Medium (4 player)
Population
200
Speed
Normal
Resources
Standard
Victory
Conquest
Starting age
Dark Age
Ending age
Imperial Age
RankedLock teamsTeams togetherTeam positionsShared explorationLock speedFull tech treeHidden civsTurbo modeCheats
Victory
Defeat
🇭🇺 Poles · Hungary
1334
+17
🇭🇺 Portuguese · Hungary
1332
+18
🇬🇧 Lithuanians · United Kingdom
1374
-18
🇬🇧 Romans · United Kingdom
1359
-17
Rudolfking
9:24 Loom
11:45 Feudal Age
16:59 Castle Age
14:55 Double-Bit Axe
17:52 Bow Saw
24:50 Imperial Age
23:00 Padded Archer Armor
25:21 Wheelbarrow
24:32 Town Watch
26:34 Chemistry
26:18 Leather Archer Armor
29:46 Hand Cart
29:30 Gambesons
30:00 Pikeman
34:01 Scale Mail Armor
34:12 Forging
35:37 Chain Mail Armor
36:03 Horse Collar
36:15 Halberdier
38:00 Conscription
41:59 Ring Archer Armor
41:59 Plate Mail Armor
42:04 Iron Casting
43:00 Fervor
43:16 Sanctity
43:16 Arson
44:29 Arquebus
48:03 Blast Furnace
48:23 Town Patrol
51:45 Ballistics
51:16 Fletching
55:18 Bodkin Arrow
szeb
9:29 Loom
11:15 Feudal Age
9:39 Loom
17:57 Wheelbarrow
18:00 Double-Bit Axe
19:39 Horse Collar
22:49 Castle Age
21:49 Bloodlines
22:46 Forging
22:42 Scale Barding Armor
23:47 Bow Saw
23:12 Light Cavalry
23:53 Husbandry
24:37 Iron Casting
25:03 Chain Barding Armor
26:06 Hand Cart
29:10 Fletching
32:26 Bodkin Arrow
34:42 Heavy Plow
42:09 Imperial Age
39:24 Town Watch
43:13 Lechitic Legacy
43:15 Conscription
43:01 Winged Hussar
44:55 Blast Furnace
45:22 Crop Rotation
46:53 Szlachta Privileges
47:27 Cavalier
52:14 Hoardings
53:42 Bracer
Jabberwock
9:04 Loom
11:30 Feudal Age
15:27 Castle Age
17:20 Wheelbarrow
25:40 Scale Barding Armor
27:51 Gold Mining
29:58 Forging
30:20 Bloodlines
30:00 Pikeman
31:07 Squires
31:59 Town Watch
32:45 Husbandry
34:04 Hand Cart
36:35 Imperial Age
35:21 Stone Mining
36:56 Cavalier
45:43 Halberdier
49:45 Paladin
Gundeadfred
3:18 Loom
12:08 Feudal Age
19:09 Castle Age
22:08 Wheelbarrow
21:30 Horse Collar
21:51 Double-Bit Axe
26:18 Gold Mining
27:22 Bloodlines
27:09 Man-at-Arms
29:04 Bow Saw
29:56 Long Swordsman
32:52 Padded Archer Armor
32:42 Fletching
32:58 Pikeman
33:03 Elite Skirmisher
38:14 Imperial Age
36:55 Leather Archer Armor
37:45 Bodkin Arrow
50:47 Scale Mail Armor
Connection lost

Rejoining the realm…

Still unreachable

The connection could not be restored.

Session expired

The server has moved on; the page needs a fresh start.